 Dungeon Crawl Stone Soup version 0.31.0-32-g396128a36d (webtiles) character file.

Game seed: 985739582170543277

159 PaiMei the Grave Robber (level 5, 0/38 HPs)
             Began as a Demonspawn Necromancer on Apr 2, 2024.
             Slain by a gnoll
             ... wielding a +0 whip
              (5 damage)
             ... on level 3 of the Dungeon.
             The game lasted 00:03:10 (1964 turns).

PaiMei the Grave Robber (Demonspawn Necromancer)    Turns: 1964, Time: 00:03:10

Health: 0/38       AC:  8    Str:  8    XL:     5   Next: 17%
Magic:  0/9        EV: 10    Int: 18    God:
Gold:   112        SH:  0    Dex: 13    Spells: 9/10 levels left

rFire   . . .        h - +0 mace
rCold   . . .        (no shield)
rNeg    . . .        n - +2 ring mail {rPois}
rPois   +            (no helmet)
rElec   .            (no cloak)
rCorr   .            r - +0 pair of gloves
SInv    .            (no boots)
Will    .....        (no amulet)
Stlth   +            (no ring)
HPRegen 0.26/turn    (no ring)
MPRegen 0.22/turn

%: no passive effects
@: very slightly contaminated
A: hooves 2, magic regeneration
a: no special abilities


You were on level 3 of the Dungeon.
You visited 1 branch of the dungeon, and saw 3 of its levels.

You collected 112 gold pieces.

Inventory:

Hand Weapons
 h - a +0 mace (weapon)
Armour
 n - a +2 ring mail of poison resistance (worn)
 r - a +0 pair of gloves (worn)
Scrolls
 d - a scroll of immolation {unknown}
 e - a scroll of enchant armour {unknown}
 f - 2 scrolls of teleportation {unknown}
 i - a scroll of fog {unknown}
 l - 2 scrolls of blinking {unknown}
 m - 4 scrolls of identify {unknown}
 o - a scroll of vulnerability {unknown}
 q - a scroll of fear {unknown}
Potions
 b - a potion of magic
 g - a potion of might {unknown}
 j - a potion of haste {unknown}
 k - a potion of heal wounds {unknown}
 p - a potion of enlightenment {unknown}


   Skills:
 + Level 2.1 Fighting
 + Level 2.8 Dodging
 - Level 2.0 Stealth
 + Level 3.0 Spellcasting
 + Level 5.1 Necromancy


You had 9 spell levels left.
You knew the following spells:

 Your Spells              Type           Power      Damage    Failure   Level
a - Necrotise             Necr           84%        1d8       6%          1

Your spell library contained the following spells:

 Spells                   Type           Power      Damage    Failure   Level
 Vampiric Draining        Necr           21%        2d7       19%         3
 Slow                     Hex            8%         N/A       45%         1
 Animate Dead             Necr           21%        N/A       52%         4
 Confusing Touch          Hex            2%         N/A       83%         3
 Sigil of Binding         Hex            2%         N/A       83%         3
 Curse of Agony           Necr           21%        N/A       86%         5


Dungeon Overview and Level Annotations

Branches:
Dungeon (3/15)

Altars:

Annotations:
D:2 Sigmund


Innate Abilities, Weirdness & Mutations

You have hoof-like feet.
You regenerate magic rapidly.


Message History

Aim: a gnoll, wielding a +0 flail (ally target, chance to affect: 85%)
The gnoll writhes in agony.
The gnoll closely misses you.
Casting: Necrotise (safe; 6% risk of failure)
Confirm with . or Enter, or press ? or * to list all spells.
Aiming: Necrotise (safe; 6% risk of failure)
Press: ? - help, Shift-Dir - straight line, f/p - gnoll
Aim: a gnoll, wielding a +0 flail (lightly wounded, ally target, chance to affect: 85%)
The gnoll barely resists.
The gnoll hits you with a +0 flail!
Casting: Necrotise (safe; 6% risk of failure)
Confirm with . or Enter, or press ? or * to list all spells.
Aiming: Necrotise (safe; 6% risk of failure)
Press: ? - help, Shift-Dir - straight line, f/p - gnoll
Aim: a gnoll, wielding a +0 flail (lightly wounded, ally target, chance to affect: 85%)
The gnoll writhes in agony!
The gnoll hits you with a +0 flail.
Casting: Necrotise (safe; 6% risk of failure)
Confirm with . or Enter, or press ? or * to list all spells.
Aiming: Necrotise (safe; 6% risk of failure)
Press: ? - help, Shift-Dir - straight line, f/p - gnoll
Aim: a gnoll, wielding a +0 flail (severely wounded, ally target, chance to affect: 85%)
The gnoll writhes in agony.
A gnoll comes into view. It is wielding a +0 club.
The gnoll hits you with a +0 flail.
* * * LOW HITPOINT WARNING * * *
A gnoll comes into view. It is wielding a +0 whip.
Your iguana skeleton bites the gnoll!
The gnoll dies!
The gnoll shouts!
You see here a +0 flail.
The gnoll attacks as it pursues you! The gnoll closely misses you.
A gnoll comes into view. It is wielding a +0 spear of freezing.
The gnoll attacks as it pursues you! The gnoll barely misses you.
The gnoll attacks as it pursues you! The gnoll hits you with a +0 whip.
* * * LOW HITPOINT WARNING * * *
Casting: Necrotise (safe; 6% risk of failure)
Confirm with . or Enter, or press ? or * to list all spells.
Aiming: Necrotise (safe; 6% risk of failure)
Press: ? - help, Shift-Dir - straight line, f - gnoll
Aim: a gnoll, wielding a +0 whip (ally target, chance to affect: 85%)
The gnoll writhes in agony!
The gnoll hits you with a +0 whip.
You die...

... ..
######.#######
..#.##.# #.# ...##.#
##.#
###$.##.#####..#
#.†.# #.#.....##
###)###.#.###.#
#g.Z##.#.###.#####
#$..#).#.#.........#
##.###g@........##.#
###....).....#)##.#
###....#.###.##.#
#..#.##.....##.#
....##.#########.#
#.#. #.# #.# .....
#+# #.# .####
#.##### #)<....


You could see 2 gnolls and a friendly iguana skeleton.

Vanquished Creatures
  A bombardier beetle (D:3)
  An iguana (D:3)
  A gnoll (D:3)
  A ribbon worm (D:2)
  A dart slug (D:1)
  4 orcs (D:3)
  6 ball pythons
  3 endoplasms
  4 giant cockroaches
  3 goblins
  10 hobgoblins
  2 jackals (D:1)
  5 kobolds
  4 quokkas (D:1)
  4 bats
  6 frilled lizards
  3 rats
59 creatures vanquished.

Vanquished Creatures (collateral kills)
  A gnoll (D:3)
  An endoplasm (D:1)
  2 goblins (D:1)
  A jackal (D:1)
5 creatures vanquished.

Grand Total: 64 creatures vanquished

Notes
Turn   | Place    | Note
-------+----------+-------------------------------------------
     0 | D:1      | PaiMei the Demonspawn Necromancer began the quest for the
                  | Orb.
     0 | D:1      | Reached XP level 1. HP: 13/13 MP: 3/3
   189 | D:1      | Gained mutation: You regenerate magic rapidly. [demonic
                  | ancestry]
   189 | D:1      | Reached XP level 2. HP: 19/19 MP: 3/5
   498 | D:1      | Reached XP level 3. HP: 25/25 MP: 4/6
   882 | D:1      | Reached skill level 1 in Fighting
  1132 | D:2      | Noticed Sigmund
  1282 | D:3      | Gained mutation: You have large cloven feet. [demonic
                  | ancestry]
  1282 | D:3      | Reached XP level 4. HP: 24/32 MP: 2/7
  1525 | D:3      | Reached skill level 5 in Necromancy
  1956 | D:3      | Gained mutation: You have hoof-like feet. [demonic
                  | ancestry]
  1956 | D:3      | Reached XP level 5. HP: 21/38 MP: 3/9
  1964 | D:3      | Slain by a gnoll

Illustrated notes

Levels and vault maps discovered:
D:1:      lightli_arrival_flooded_house, layout_basic, minmay_surrounded
D:2:      layout_rooms, uniq_sigmund
D:3:      layout_loops_corners, minmay_misc_feat_nine_boxes, minmay_between

Skill      XL: |  1  2  3  4 |
---------------+-------------+-----
Stealth        | 2 |  2.0
Dodging        | 2 |  2.8
Fighting       | 1 2 |  2.1
Necromancy     | 5 |  5.1
Spellcasting   | 3 |  3.0

Action                     |  1- 3 |  4- 6 || total
---------------------------+-------+-------++-------
  Melee: Dagger            |    22 |       ||    22
         Mace              |     1 |     1 ||     2
   Cast: Necrotise         |    66 |    36 ||   102
 Armour: Robe              |    23 |       ||    23
         Ring mail         |       |    14 ||    14
  Dodge: Dodged            |    29 |    10 ||    39
